LOS ANGELES vs PITTSBURGH

Created - March-19-21 at 16:44

Goals
1 2 3 T
LOS ANGELES 2 1 1 4
PITTSBURGH 0 0 2 2
Shots
1 2 3 T
LOS ANGELES 15 13 6 34
PITTSBURGH 12 5 13 30

1st period

1. LOS ANGELES , Josh Manson 2 (Nick Cousins 2) at 7:34
2. LOS ANGELES , Johnny Boychuk 3 (Riley Nash 1, Gabriel Bourque 1) at 13:02

Penalties :
Kris Russell (PIT) for Boarding (Minor) at 5:15, Teuvo Teravainen (PIT) for Hooking (Minor) at 13:11, Josh Manson (LOS) for Unsportsmanlike conduct (Minor) at 13:11

2nd period

3. LOS ANGELES , Mike Hoffman 11 (Jonathan Toews 27, Nick Bonino 11) at 14:52

Penalties :
Kris Russell (PIT) for Roughing (Minor) at 5:24

3rd period

4. PITTSBURGH , Jack Eichel 20 (Jonas Siegenthaler 11) at 5:34
5. LOS ANGELES , Mika Zibanejad 21 (Kris Letang 24) at 13:30
6. PITTSBURGH , Derek Ryan 8 (Brandon Tanev 6, Sammy Blais 4) at 13:43

Penalties :
Andrei Svechnikov (PIT) for Holding (Minor) at 15:26, Ryan McDonagh (LOS) for Roughing (Minor) at 15:26

Goalie Stats

Antti Raanta (LOS), 28 saves from 30 shots - (0.933), W, 23-13-2, 60:00 minutes
Philipp Grubauer (PIT), 30 saves from 34 shots - (0.882), L, 6-9-5, 60:00 minutes

Players Stats for LOS ANGELES

Player Name              G  A  P  +/- PIM S  H  SB GA TA FO     MP     PP MP  PK MP  
------------------------------------------------------------------------------------
Alex Goligoski           0  0  0   0  0   1  4  2  0  0  0/0    20:41   1:53   0:00 
Artem Anisimov           0  0  0   0  0   2  0  0  0  0  1/2    12:12   0:00   0:00 
Gabriel Bourque          0  1  1   2  0   0  0  0  0  0  0/0     5:19   0:00   0:00 
Johnny Boychuk           1  0  1   2  0   2  0  1  0  0  0/0    15:47   0:00   0:00 
Jonathan Toews           0  1  1   1  0   3  1  0  0  0  14/25  21:21   1:53   0:00 
Josh Manson              1  0  1   2  2   1  1  1  0  0  0/0    15:50   0:00   0:00 
Kris Letang              0  1  1   0  0   1  4  1  0  0  0/0    24:04   2:05   0:00 
Matthew Tkachuk          0  0  0  -1  0   5  3  1  0  0  1/2    20:30   2:05   0:00 
Mika Zibanejad           1  0  1  -1  0   7  0  0  0  0  17/37  21:52   2:05   0:00 
Mike Hoffman             1  0  1   1  0   4  0  0  0  0  0/1    18:59   1:53   0:00 
Nick Bonino              0  1  1   1  0   3  0  1  0  0  0/1    18:59   1:53   0:00 
Nick Cousins             0  1  1   2  0   0  3  0  0  0  3/7     5:19   0:00   0:00 
Riley Nash               0  1  1   2  0   0  0  0  0  0  0/1     5:19   0:00   0:00 
Ryan McDonagh            0  0  0   0  2   0  1  2  0  0  0/0    22:53   2:05   0:00 
Travis Zajac             0  0  0   0  0   2  1  0  0  0  11/14  12:52   0:00   0:00 
Tyler Seguin             0  0  0  -1  0   2  2  0  0  0  2/3    20:30   2:05   0:00 
Vladislav Namestnikov    0  0  0   0  0   0  2  0  0  0  0/0    12:50   0:00   0:00 
Zdeno Chara              0  0  0   0  0   1  0  4  0  0  0/0    20:43   1:53   0:00 

Players Stats for PITTSBURGH

Player Name              G  A  P  +/- PIM S  H  SB GA TA FO     MP     PP MP  PK MP  
------------------------------------------------------------------------------------
Andrei Svechnikov        0  0  0  -1  2   4  4  0  0  0  0/0    16:14   0:00   0:00 
Brandon Tanev            0  1  1   0  0   2  1  0  0  0  0/1    14:14   0:00   0:54 
Cale Makar               0  0  0   0  0   0  0  0  0  0  0/0     3:25   0:00   1:20 
Colton Sissons           0  0  0   0  0   1  0  1  0  0  5/10    7:30   0:00   1:20 
Derek Ryan               1  0  1   0  0   5  0  0  0  0  11/18  15:58   0:00   2:38 
Jack Eichel              1  0  1  -1  0   7  0  0  0  0  16/37  20:24   0:00   0:00 
Jamie Oleksiak           0  0  0  -2  0   1  1  1  0  0  0/0    15:38   0:00   0:00 
Jonas Siegenthaler       0  1  1   1  0   1  2  1  0  0  0/0    23:23   0:00   2:24 
Jordan Greenway          0  0  0  -1  0   2  0  0  0  0  1/1    14:43   0:00   0:00 
Jordan Oesterle          0  0  0  -2  0   0  1  2  0  0  0/0    16:25   0:00   0:47 
Kris Russell             0  0  0   1  4   0  0  0  0  0  0/0    20:57   0:00   0:00 
Marcus Sorensen          0  0  0   0  0   0  0  0  0  0  0/0     0:00   0:00   0:00 
Nick Jensen              0  0  0  -1  0   2  0  0  0  0  0/0    18:31   0:00   1:11 
Pierre Engvall           0  0  0   0  0   2  1  0  0  0  1/2     8:28   0:00   0:26 
Robert Thomas            0  0  0  -1  0   0  3  0  0  0  6/17   16:08   0:00   0:00 
Roman Polak              0  0  0  -1  0   1  4  1  0  0  0/0    21:39   0:00   2:14 
Sammy Blais              0  1  1   0  0   1  2  0  0  0  1/2    13:20   0:00   0:00 
Teuvo Teravainen         0  0  0  -1  2   1  0  0  0  0  0/1    18:24   0:00   0:00 
Trevor Lewis             0  0  0   0  0   0  0  0  0  0  0/0     6:10   0:00   0:00 
Vincent Hinostroza       0  0  0  -1  0   0  2  0  0  0  3/4    20:29   0:00   2:38 

3 Stars

1 - Johnny Boychuk (LOS)
2 - Nick Cousins (LOS)
3 - Josh Manson (LOS)

Power Play

LOS ANGELES - 0 on 2 Attempt(s) - 0.00%
PITTSBURGH - 0 on 0 Attempt(s) - 0.00%

Penalty Kill

LOS ANGELES - 0 on 0 Attempt(s) - 0.00% - Score 0 goal in Penalty Kill
PITTSBURGH - 2 on 2 Attempt(s) - 100.00% - Score 0 goal in Penalty Kill

Team Stat

LOS ANGELES - Hits : 22 - Faceoff Wins : 49 - Blocked Shots : 13 - Penalty Minutes : 4
PITTSBURGH - Hits : 21 - Faceoff Wins : 44 - Blocked Shots : 6 - Penalty Minutes : 8

Official

Referees : Dave Lewis and Aaron Brown
Linesman : Brad Caille and Shane Maloney

Game Notes

No Game Note

Finance

Level 1 -- Attendance: 5389 (89.82%) -- Ticket Income $485,010
Level 2 -- Attendance: 4847 (96.94%) -- Ticket Income $281,126
Level 3 -- Attendance: 1767 (88.35%) -- Ticket Income $61,845
Level 4 -- Attendance: 3538 (88.45%) -- Ticket Income $60,146
Luxury Box -- Attendance: 1000 (100.00%) -- Ticket Income $175,000
Game was played at the PPG Paints Arena.
Total Attendance: 16541 (91.89%)
Total Ticket Income: $1,063,127
Total Income: $1,063,127

LOS ANGELES

5 vs 5 Forward 
   Center                   Left Wing                Right Wing               Time % Phy DF OF 
 1 Mika Zibanejad           Matthew Tkachuk          Tyler Seguin             40     1   2  2  
 2 Jonathan Toews           Nick Bonino              Mike Hoffman             35     1   2  2  
 3 Travis Zajac             Vladislav Namestnikov    Artem Anisimov           20     1   2  2  
 4 Nick Cousins             Gabriel Bourque          Riley Nash               5      1   2  2  

5 vs 5 Defense 
   Defense                  Defense                                           Time % Phy DF OF 
 1 Kris Letang              Ryan McDonagh                                     35     1   2  2  
 2 Zdeno Chara              Alex Goligoski                                    30     1   2  2  
 3 Johnny Boychuk           Josh Manson                                       25     1   2  2  
 4 Kris Letang              Ryan McDonagh                                     10     1   2  2  

PowerPlay Forward 
   Center                   Left Wing                Right Wing               Time % Phy DF OF 
 1 Mika Zibanejad           Matthew Tkachuk          Tyler Seguin             60     1   2  2  
 2 Jonathan Toews           Nick Bonino              Mike Hoffman             40     1   2  2  

PowerPlay Defense
   Defense                  Defense                                           Time % Phy DF OF 
 1 Kris Letang              Ryan McDonagh                                     60     1   2  2  
 2 Zdeno Chara              Alex Goligoski                                    40     1   2  2  

Penalty Kill 4 Players Forward 
   Center                   Wing                     Time % Phy DF OF 
 1 Mika Zibanejad           Jonathan Toews           60     1   2  2  
 2 Matthew Tkachuk          Tyler Seguin             40     1   2  2  

Penalty Kill 4 Players Defense
   Defense                  Defense                  Time % Phy DF OF 
 1 Kris Letang              Ryan McDonagh            60     1   2  2  
 2 Zdeno Chara              Alex Goligoski           40     1   2  2  

Penalty Kill - 3 Players Forward 
   Forward                                           Time % Phy DF OF 
 1 Mika Zibanejad                                    60     1   2  2  
 2 Jonathan Toews                                    40     1   2  2  

Penalty Kill - 3 Players Defense
   Defense                  Defense                  Time % Phy DF OF 
 1 Kris Letang              Ryan McDonagh            60     1   2  2  
 2 Zdeno Chara              Alex Goligoski           40     1   2  2  

4 vs 4 Forward 
   Center                   Wing                     Time % Phy DF OF 
 1 Mika Zibanejad           Jonathan Toews           60     1   2  2  
 2 Matthew Tkachuk          Tyler Seguin             40     1   2  2  

4 vs 4 Defense
   Defense                  Defense                  Time % Phy DF OF 
 1 Kris Letang              Ryan McDonagh            60     1   2  2  
 2 Zdeno Chara              Alex Goligoski           40     1   2  2  

Last Minutes Offensive
   Center                   Left Wing                Right Wing               Defense                  Defense                  
   Mika Zibanejad           Matthew Tkachuk          Tyler Seguin             Kris Letang              Ryan McDonagh            

Last Minutes Defensive
   Center                   Left Wing                Right Wing               Defense                  Defense                  
   Mika Zibanejad           Matthew Tkachuk          Tyler Seguin             Kris Letang              Ryan McDonagh            

Goaltenders
Starting : Antti Raanta             
Backup : Jaroslav Halak           

Extra Forwards
Normal : Tyler Seguin, Travis Zajac, Vladislav Namestnikov - PP : Tyler Seguin, Travis Zajac - PK : Vladislav Namestnikov
Extra Defensemen
Normal : Johnny Boychuk, Josh Manson, Zdeno Chara - PP : Johnny Boychuk - PK : Josh Manson, Zdeno Chara
Penalty Shots
Mika Zibanejad, Jonathan Toews, Tyler Seguin, Matthew Tkachuk, Mike Hoffman

Scratches
None

PITTSBURGH

5 vs 5 Forward 
   Center                   Left Wing                Right Wing               Time % Phy DF OF 
 1 Jack Eichel              Vincent Hinostroza       Teuvo Teravainen         35     0   2  3  
 2 Robert Thomas            Jordan Greenway          Andrei Svechnikov        30     0   2  3  
 3 Derek Ryan               Sammy Blais              Brandon Tanev            25     0   2  3  
 4 Colton Sissons           Pierre Engvall           Trevor Lewis             10     0   2  3  

5 vs 5 Defense 
   Defense                  Defense                                           Time % Phy DF OF 
 1 Kris Russell             Jonas Siegenthaler                                35     0   3  2  
 2 Roman Polak              Nick Jensen                                       30     0   3  2  
 3 Jamie Oleksiak           Jordan Oesterle                                   25     0   3  2  
 4 Kris Russell             Jonas Siegenthaler                                10     0   3  2  

PowerPlay Forward 
   Center                   Left Wing                Right Wing               Time % Phy DF OF 
 1 Jack Eichel              Andrei Svechnikov        Teuvo Teravainen         70     0   1  4  
 2 Derek Ryan               Pierre Engvall           Brandon Tanev            30     0   1  4  

PowerPlay Defense
   Defense                  Defense                                           Time % Phy DF OF 
 1 Cale Makar               Robert Thomas                                     70     0   1  4  
 2 Cale Makar               Jordan Greenway                                   30     0   1  4  

Penalty Kill 4 Players Forward 
   Center                   Wing                     Time % Phy DF OF 
 1 Derek Ryan               Vincent Hinostroza       60     0   4  1  
 2 Colton Sissons           Brandon Tanev            40     0   4  1  

Penalty Kill 4 Players Defense
   Defense                  Defense                  Time % Phy DF OF 
 1 Jonas Siegenthaler       Kris Russell             60     0   4  1  
 2 Roman Polak              Nick Jensen              40     0   4  1  

Penalty Kill - 3 Players Forward 
   Forward                                           Time % Phy DF OF 
 1 Vincent Hinostroza                                60     0   5  0  
 2 Brandon Tanev                                     40     0   5  0  

Penalty Kill - 3 Players Defense
   Defense                  Defense                  Time % Phy DF OF 
 1 Jonas Siegenthaler       Kris Russell             60     0   5  0  
 2 Roman Polak              Nick Jensen              40     0   5  0  

4 vs 4 Forward 
   Center                   Wing                     Time % Phy DF OF 
 1 Jack Eichel              Teuvo Teravainen         60     0   2  3  
 2 Robert Thomas            Andrei Svechnikov        40     0   2  3  

4 vs 4 Defense
   Defense                  Defense                  Time % Phy DF OF 
 1 Jonas Siegenthaler       Kris Russell             60     0   3  2  
 2 Roman Polak              Cale Makar               40     0   3  2  

Last Minutes Offensive
   Center                   Left Wing                Right Wing               Defense                  Defense                  
   Jack Eichel              Andrei Svechnikov        Teuvo Teravainen         Cale Makar               Robert Thomas            

Last Minutes Defensive
   Center                   Left Wing                Right Wing               Defense                  Defense                  
   Derek Ryan               Brandon Tanev            Vincent Hinostroza       Jonas Siegenthaler       Kris Russell             

Goaltenders
Starting : Philipp Grubauer         
Backup : Jordan Binnington        

Extra Forwards
Normal : Jack Eichel, Teuvo Teravainen, Andrei Svechnikov - PP : Jack Eichel, Teuvo Teravainen - PK : Vincent Hinostroza
Extra Defensemen
Normal : Kris Russell, Jonas Siegenthaler, Cale Makar - PP : Cale Makar - PK : Kris Russell, Jonas Siegenthaler
Penalty Shots
Andrei Svechnikov, Vincent Hinostroza, Teuvo Teravainen, Derek Ryan, Jack Eichel

Scratches
PIT Cap Hit (Suspend), Pontus Aberg (Healthy)

% Time on Ice - LOS ANGELES

Lines # - Real PCT - Wanted PCT - Time Play
Normal Forward
1 - 34% - 40% - 17:27
2 - 33% - 35% - 17:06
3 - 23% - 20% - 12:12
4 - 10% - 5% - 5:19
Normal Defense
1 - 32% - 35% - 16:26
2 - 33% - 30% - 17:21
3 - 29% - 25% - 15:13
4 - 6% - 10% - 3:04
PP Forward
1 - 53% - 60% - 2:05
2 - 47% - 40% - 1:53
PP Defense
1 - 53% - 60% - 2:05
2 - 47% - 40% - 1:53
PK Forward
1 - 0% - 60%
2 - 0% - 40%
PK Defense
1 - 0% - 60%
2 - 0% - 40%
PK3 Forward
1 - 0% - 60%
2 - 0% - 40%
PK3 Defense
1 - 0% - 60%
2 - 0% - 40%
44 Forward
1 - 76% - 60% - 3:00
2 - 24% - 40% - 0:58
44 Defense
1 - 63% - 60% - 2:31
2 - 37% - 40% - 1:27
Last Minute Offensive  - 0:00
Last Minute Defensive  - 0:00
Total
Forward - 60:00
Defense - 60:00

% Time on Ice - PITTSBURGH

Lines # - Real PCT - Wanted PCT - Time Play
Normal Forward
1 - 34% - 35% - 17:51
2 - 28% - 30% - 14:43
3 - 26% - 25% - 13:20
4 - 12% - 10% - 6:10
Normal Defense
1 - 32% - 35% - 16:38
2 - 33% - 30% - 17:20
3 - 30% - 25% - 15:38
4 - 5% - 10% - 2:28
PP Forward
1 - 0% - 70%
2 - 0% - 30%
PP Defense
1 - 0% - 70%
2 - 0% - 30%
PK Forward
1 - 77% - 60% - 3:04
2 - 23% - 40% - 0:54
PK Defense
1 - 99% - 60% - 3:56
2 - 1% - 40% - 0:02
PK3 Forward
1 - 0% - 60%
2 - 0% - 40%
PK3 Defense
1 - 0% - 60%
2 - 0% - 40%
44 Forward
1 - 64% - 60% - 2:33
2 - 36% - 40% - 1:25
44 Defense
1 - 47% - 60% - 1:53
2 - 53% - 40% - 2:05
Last Minute Offensive  - 0:00
Last Minute Defensive  - 0:00
Total
Forward - 60:00
Defense - 60:00

Play-by-Play

1st period


0:01 of 1st period - Jack Eichel wins face-off versus Mika Zibanejad in neutral zone.
0:22 of 1st period - Icing by Kris Russell.
0:23 of 1st period - Jonathan Toews wins face-off versus Jack Eichel in PITTSBURGH zone.
0:33 of 1st period - Icing by Kris Russell.
0:34 of 1st period - Travis Zajac wins face-off versus Jack Eichel in PITTSBURGH zone.
0:45 of 1st period - Shot by Jack Eichel.
0:45 of 1st period - Stopped by Antti Raanta without a rebound.
0:46 of 1st period - Jordan Greenway wins face-off versus Jonathan Toews in LOS ANGELES zone.
1:39 of 1st period - Off-side.
1:40 of 1st period - Tyler Seguin wins face-off versus Derek Ryan in neutral zone.
1:43 of 1st period - Shot by Matthew Tkachuk.
1:43 of 1st period - Deflect By Mika Zibanejad.
1:43 of 1st period - Shot Blocked by Jordan Oesterle.
1:53 of 1st period - Shot by Tyler Seguin.
1:53 of 1st period - Shot Blocked by Jordan Oesterle.
1:55 of 1st period - Shot by Mika Zibanejad.
1:55 of 1st period - Stopped by Philipp Grubauer with a rebound.
1:57 of 1st period - Shot by Alex Goligoski.
1:57 of 1st period - Stopped by Philipp Grubauer with a rebound.
1:59 of 1st period - Shot by Matthew Tkachuk.
1:59 of 1st period - Stopped by Philipp Grubauer without a rebound.
2:00 of 1st period - Travis Zajac wins face-off versus Pierre Engvall in PITTSBURGH zone.
2:13 of 1st period - Shot by Travis Zajac.
2:13 of 1st period - Stopped by Philipp Grubauer without a rebound.
2:14 of 1st period - Derek Ryan wins face-off versus Mika Zibanejad in PITTSBURGH zone.
2:18 of 1st period - Jordan Oesterle is hit by Alex Goligoski and loses puck.
4:04 of 1st period - Off-side.
4:05 of 1st period - Jonathan Toews wins face-off versus Robert Thomas in neutral zone.
5:01 of 1st period - Shot by Matthew Tkachuk.
5:01 of 1st period - Stopped by Philipp Grubauer without a rebound.
5:02 of 1st period - Colton Sissons wins face-off versus Nick Cousins in PITTSBURGH zone.
5:09 of 1st period - Gabriel Bourque is hit by Jonas Siegenthaler and loses puck.
5:15 of 1st period - Minor Penalty to Kris Russell for Boarding.
5:16 of 1st period - Vincent Hinostroza wins face-off versus Mika Zibanejad in PITTSBURGH zone.
6:19 of 1st period - Off-side.
6:20 of 1st period - Colton Sissons wins face-off versus Jonathan Toews in neutral zone.
6:26 of 1st period - Off-side.
6:27 of 1st period - Vincent Hinostroza wins face-off versus Mike Hoffman in neutral zone.
6:30 of 1st period - Shot by Derek Ryan.
6:30 of 1st period - Stopped by Antti Raanta without a rebound.
6:31 of 1st period - Jonathan Toews wins face-off versus Derek Ryan in LOS ANGELES zone.
6:38 of 1st period - Shot by Jonathan Toews.
6:38 of 1st period - Stopped by Philipp Grubauer with a rebound.
7:12 of 1st period - Shot by Mike Hoffman.
7:12 of 1st period - Stopped by Philipp Grubauer without a rebound.
7:13 of 1st period - Colton Sissons wins face-off versus Mika Zibanejad in PITTSBURGH zone.
7:13 of 1st period - Colton Sissons is hit by Matthew Tkachuk.
7:27 of 1st period - Jordan Greenway is hit by Nick Cousins and loses puck.
7:32 of 1st period - Shot by Nick Cousins.
7:32 of 1st period - Shot Misses the Net.
7:34 of 1st period - Shot by Josh Manson.
7:34 of 1st period - Goal by Josh Manson - LOS ANGELES : 1 - PITTSBURGH : 0.
7:35 of 1st period - Mika Zibanejad wins face-off versus Colton Sissons in neutral zone.
7:49 of 1st period - Shot by Jordan Oesterle.
7:49 of 1st period - Shot Misses the Net.
7:51 of 1st period - Shot by Colton Sissons.
7:51 of 1st period - Stopped by Antti Raanta with a rebound.
7:53 of 1st period - Shot by Jamie Oleksiak.
7:53 of 1st period - Stopped by Antti Raanta without a rebound.
7:54 of 1st period - Robert Thomas wins face-off versus Jonathan Toews in LOS ANGELES zone.
8:26 of 1st period - Nick Bonino is hit by Roman Polak and loses puck.
9:31 of 1st period - Shot by Tyler Seguin.
9:31 of 1st period - Shot Misses the Net.
9:33 of 1st period - Shot by Matthew Tkachuk.
9:33 of 1st period - Shot Misses the Net.
9:37 of 1st period - Shot by Matthew Tkachuk.
9:37 of 1st period - Stopped by Philipp Grubauer without a rebound.
9:38 of 1st period - Artem Anisimov wins face-off versus Derek Ryan in PITTSBURGH zone.
9:49 of 1st period - Shot by Brandon Tanev.
9:49 of 1st period - Stopped by Antti Raanta with a rebound.
10:12 of 1st period - Icing by Josh Manson.
10:13 of 1st period - Travis Zajac wins face-off versus Colton Sissons in LOS ANGELES zone.
10:13 of 1st period - Travis Zajac is hit by Pierre Engvall.
10:30 of 1st period - Off-side.
10:31 of 1st period - Tyler Seguin wins face-off versus Robert Thomas in neutral zone.
11:13 of 1st period - Off-side.
11:14 of 1st period - Jonathan Toews wins face-off versus Jack Eichel in neutral zone.
11:41 of 1st period - Shot by Mike Hoffman.
11:41 of 1st period - Shot Misses the Net.
11:53 of 1st period - Shot by Vincent Hinostroza.
11:53 of 1st period - Shot Misses the Net.
11:55 of 1st period - Shot by Jack Eichel.
11:55 of 1st period - Stopped by Antti Raanta with a rebound.
12:24 of 1st period - Shot by Travis Zajac.
12:24 of 1st period - Stopped by Philipp Grubauer without a rebound.
12:25 of 1st period - Robert Thomas wins face-off versus Mika Zibanejad in PITTSBURGH zone.
12:32 of 1st period - Shot by Jordan Greenway.
12:32 of 1st period - Shot Blocked by Kris Letang.
12:52 of 1st period - Shot by Andrei Svechnikov.
12:52 of 1st period - Stopped by Antti Raanta without a rebound.
12:53 of 1st period - Nick Cousins wins face-off versus Brandon Tanev in LOS ANGELES zone.
12:58 of 1st period - Shot by Riley Nash.
12:58 of 1st period - Shot Misses the Net.
13:00 of 1st period - Shot by Johnny Boychuk.
13:00 of 1st period - Shot Misses the Net.
13:02 of 1st period - Shot by Johnny Boychuk.
13:02 of 1st period - Goal by Johnny Boychuk - LOS ANGELES : 2 - PITTSBURGH : 0.
13:03 of 1st period - Travis Zajac wins face-off versus Jack Eichel in neutral zone.
13:11 of 1st period - Minor Penalty to Teuvo Teravainen for Hooking.
13:11 of 1st period - Minor Penalty to Josh Manson for Unsportsmanlike conduct.
13:12 of 1st period - Jack Eichel wins face-off versus Mika Zibanejad in LOS ANGELES zone.
13:12 of 1st period - Jack Eichel is hit by Kris Letang.
13:20 of 1st period - Shot by Andrei Svechnikov.
13:20 of 1st period - Stopped by Antti Raanta without a rebound.
13:21 of 1st period - Mika Zibanejad wins face-off versus Jack Eichel in LOS ANGELES zone.
13:43 of 1st period - Shot by Mika Zibanejad.
13:43 of 1st period - Stopped by Philipp Grubauer without a rebound.
13:44 of 1st period - Mika Zibanejad wins face-off versus Jack Eichel in PITTSBURGH zone.
13:55 of 1st period - Shot by Jonathan Toews.
13:55 of 1st period - Shot Blocked by Roman Polak.
14:09 of 1st period - Shot by Andrei Svechnikov.
14:09 of 1st period - Stopped by Antti Raanta without a rebound.
14:10 of 1st period - Jack Eichel wins face-off versus Matthew Tkachuk in LOS ANGELES zone.
14:18 of 1st period - Jack Eichel is hit by Kris Letang and loses puck.
14:22 of 1st period - Icing by Ryan McDonagh.
14:23 of 1st period - Matthew Tkachuk wins face-off versus Jack Eichel in LOS ANGELES zone.
14:30 of 1st period - Shot by Tyler Seguin.
14:30 of 1st period - Shot Misses the Net.
14:35 of 1st period - Off-side.
14:36 of 1st period - Jack Eichel wins face-off versus Mika Zibanejad in neutral zone.
14:38 of 1st period - Off-side.
14:39 of 1st period - Mika Zibanejad wins face-off versus Jack Eichel in neutral zone.
14:59 of 1st period - Shot by Jack Eichel.
14:59 of 1st period - Stopped by Antti Raanta without a rebound.
15:00 of 1st period - Jack Eichel wins face-off versus Mika Zibanejad in LOS ANGELES zone.
16:15 of 1st period - Shot by Matthew Tkachuk.
16:15 of 1st period - Stopped by Philipp Grubauer without a rebound.
16:16 of 1st period - Pierre Engvall wins face-off versus Jonathan Toews in PITTSBURGH zone.
16:32 of 1st period - Shot by Pierre Engvall.
16:32 of 1st period - Shot Blocked by Zdeno Chara.
16:34 of 1st period - Shot by Roman Polak.
16:34 of 1st period - Stopped by Antti Raanta without a rebound.
16:35 of 1st period - Jack Eichel wins face-off versus Mika Zibanejad in LOS ANGELES zone.
16:53 of 1st period - Icing by Ryan McDonagh.
16:54 of 1st period - Derek Ryan wins face-off versus Mika Zibanejad in LOS ANGELES zone.
17:01 of 1st period - Shot by Derek Ryan.
17:01 of 1st period - Stopped by Antti Raanta without a rebound.
17:02 of 1st period - Jonathan Toews wins face-off versus Jack Eichel in LOS ANGELES zone.
17:33 of 1st period - Icing by Jonas Siegenthaler.
17:34 of 1st period - Mika Zibanejad wins face-off versus Jack Eichel in PITTSBURGH zone.
18:03 of 1st period - Shot by Tyler Seguin.
18:03 of 1st period - Shot Blocked by Jonas Siegenthaler.
18:24 of 1st period - Icing by Jonas Siegenthaler.
18:25 of 1st period - Jonathan Toews wins face-off versus Jack Eichel in PITTSBURGH zone.
18:32 of 1st period - Shot by Nick Bonino.
18:32 of 1st period - Stopped by Philipp Grubauer without a rebound.
18:33 of 1st period - Robert Thomas wins face-off versus Nick Bonino in PITTSBURGH zone.
18:51 of 1st period - Shot by Mike Hoffman.
18:51 of 1st period - Stopped by Philipp Grubauer without a rebound.
18:52 of 1st period - Travis Zajac wins face-off versus Derek Ryan in PITTSBURGH zone.
18:53 of 1st period - Shot by Vladislav Namestnikov.
18:53 of 1st period - Shot Misses the Net.
19:12 of 1st period - Jordan Oesterle is hit by Vladislav Namestnikov and loses puck.
19:28 of 1st period - Derek Ryan is hit by Alex Goligoski and loses puck.
19:48 of 1st period - Jordan Greenway is hit by Alex Goligoski.
Goals for this period are 2 for LOS ANGELES vs 0 for PITTSBURGH.
Shots for this period are 15 for LOS ANGELES vs 12 for PITTSBURGH.

2nd period


0:01 of 2nd period - Mika Zibanejad wins face-off versus Jack Eichel in neutral zone.
0:22 of 2nd period - Shot by Jack Eichel.
0:22 of 2nd period - Stopped by Antti Raanta without a rebound.
0:23 of 2nd period - Jonathan Toews wins face-off versus Robert Thomas in LOS ANGELES zone.
0:23 of 2nd period - Jonathan Toews is hit by Robert Thomas.
1:17 of 2nd period - Shot by Mika Zibanejad.
1:17 of 2nd period - Deflect By Tyler Seguin.
1:17 of 2nd period - Shot Misses the Net.
1:26 of 2nd period - Jordan Greenway is hit by Kris Letang and loses puck.
1:34 of 2nd period - Icing by Kris Letang.
1:35 of 2nd period - Mika Zibanejad wins face-off versus Jack Eichel in LOS ANGELES zone.
1:39 of 2nd period - Off-side.
1:40 of 2nd period - Jack Eichel wins face-off versus Riley Nash in neutral zone.
1:43 of 2nd period - Gabriel Bourque is hit by Vincent Hinostroza.
2:13 of 2nd period - Shot by Jack Eichel.
2:13 of 2nd period - Shot Blocked by Alex Goligoski.
2:15 of 2nd period - Shot by Kris Russell.
2:15 of 2nd period - Shot Blocked by Alex Goligoski.
2:17 of 2nd period - Shot by Kris Russell.
2:17 of 2nd period - Shot Misses the Net.
2:33 of 2nd period - Brandon Tanev is hit by Nick Cousins.
2:34 of 2nd period - Icing by Brandon Tanev.
2:35 of 2nd period - Derek Ryan wins face-off versus Mika Zibanejad in PITTSBURGH zone.
3:06 of 2nd period - Shot by Brandon Tanev.
3:06 of 2nd period - Shot Misses the Net.
3:21 of 2nd period - Mika Zibanejad is hit by Roman Polak and loses puck.
3:28 of 2nd period - Shot by Pierre Engvall.
3:28 of 2nd period - Stopped by Antti Raanta without a rebound.
3:29 of 2nd period - Jonathan Toews wins face-off versus Robert Thomas in LOS ANGELES zone.
3:54 of 2nd period - Icing by Roman Polak.
3:55 of 2nd period - Travis Zajac wins face-off versus Robert Thomas in PITTSBURGH zone.
3:58 of 2nd period - Shot by Vladislav Namestnikov.
3:58 of 2nd period - Shot Misses the Net.
4:32 of 2nd period - Shot by Artem Anisimov.
4:32 of 2nd period - Shot Misses the Net.
4:46 of 2nd period - Shot by Mike Hoffman.
4:46 of 2nd period - Shot Misses the Net.
4:48 of 2nd period - Shot by Jonathan Toews.
4:48 of 2nd period - Stopped by Philipp Grubauer without a rebound.
4:49 of 2nd period - Mika Zibanejad wins face-off versus Jack Eichel in PITTSBURGH zone.
4:52 of 2nd period - Shot by Tyler Seguin.
4:52 of 2nd period - Deflect By Mika Zibanejad.
4:52 of 2nd period - Stopped by Philipp Grubauer without a rebound.
4:53 of 2nd period - Jack Eichel wins face-off versus Mika Zibanejad in PITTSBURGH zone.
4:53 of 2nd period - Jack Eichel is hit by Tyler Seguin.
4:58 of 2nd period - Vincent Hinostroza is hit by Tyler Seguin and loses puck.
5:06 of 2nd period - Mika Zibanejad is hit by Jonas Siegenthaler and loses puck.
5:15 of 2nd period - Shot by Mika Zibanejad.
5:15 of 2nd period - Stopped by Philipp Grubauer with a rebound.
5:24 of 2nd period - Minor Penalty to Kris Russell for Roughing.
5:25 of 2nd period - Derek Ryan wins face-off versus Jonathan Toews in PITTSBURGH zone.
7:09 of 2nd period - Shot by Zdeno Chara.
7:09 of 2nd period - Deflect By Mike Hoffman.
7:09 of 2nd period - Stopped by Philipp Grubauer without a rebound.
7:10 of 2nd period - Mika Zibanejad wins face-off versus Derek Ryan in PITTSBURGH zone.
7:21 of 2nd period - Shot by Tyler Seguin.
7:21 of 2nd period - Shot Misses the Net.
7:37 of 2nd period - Robert Thomas is hit by Josh Manson and loses puck.
7:43 of 2nd period - Johnny Boychuk is hit by Andrei Svechnikov and loses puck.
8:36 of 2nd period - Shot by Zdeno Chara.
8:36 of 2nd period - Stopped by Philipp Grubauer without a rebound.
8:37 of 2nd period - Jonathan Toews wins face-off versus Colton Sissons in PITTSBURGH zone.
8:37 of 2nd period - Jonathan Toews is hit by Roman Polak.
9:05 of 2nd period - Shot by Pierre Engvall.
9:05 of 2nd period - Shot Misses the Net.
9:07 of 2nd period - Shot by Nick Jensen.
9:07 of 2nd period - Stopped by Antti Raanta without a rebound.
9:08 of 2nd period - Jack Eichel wins face-off versus Mika Zibanejad in LOS ANGELES zone.
9:08 of 2nd period - Teuvo Teravainen is hit by Alex Goligoski and loses puck.
9:34 of 2nd period - Icing by Jordan Oesterle.
9:35 of 2nd period - Jack Eichel wins face-off versus Travis Zajac in PITTSBURGH zone.
10:22 of 2nd period - Shot by Brandon Tanev.
10:22 of 2nd period - Shot Blocked by Josh Manson.
11:12 of 2nd period - Travis Zajac is hit by Andrei Svechnikov and loses puck.
11:17 of 2nd period - Shot by Andrei Svechnikov.
11:17 of 2nd period - Stopped by Antti Raanta without a rebound.
11:18 of 2nd period - Jack Eichel wins face-off versus Mika Zibanejad in LOS ANGELES zone.
12:29 of 2nd period - Shot by Pierre Engvall.
12:29 of 2nd period - Stopped by Antti Raanta with a rebound.
12:47 of 2nd period - Shot by Mike Hoffman.
12:47 of 2nd period - Shot Blocked by Colton Sissons.
12:49 of 2nd period - Shot by Nick Bonino.
12:49 of 2nd period - Stopped by Philipp Grubauer without a rebound.
12:50 of 2nd period - Nick Cousins wins face-off versus Sammy Blais in PITTSBURGH zone.
12:54 of 2nd period - Icing by Brandon Tanev.
12:55 of 2nd period - Derek Ryan wins face-off versus Nick Cousins in PITTSBURGH zone.
13:40 of 2nd period - Shot by Kris Letang.
13:40 of 2nd period - Stopped by Philipp Grubauer without a rebound.
13:41 of 2nd period - Mika Zibanejad wins face-off versus Jack Eichel in PITTSBURGH zone.
13:52 of 2nd period - Shot by Jack Eichel.
13:52 of 2nd period - Shot Misses the Net.
14:05 of 2nd period - Icing by Jack Eichel.
14:06 of 2nd period - Jonathan Toews wins face-off versus Jack Eichel in PITTSBURGH zone.
14:11 of 2nd period - Shot by Nick Bonino.
14:11 of 2nd period - Shot Misses the Net.
14:14 of 2nd period - Icing by Jamie Oleksiak.
14:15 of 2nd period - Jonathan Toews wins face-off versus Jack Eichel in PITTSBURGH zone.
14:28 of 2nd period - Shot by Jonathan Toews.
14:28 of 2nd period - Stopped by Philipp Grubauer with a rebound.
14:50 of 2nd period - Shot by Mike Hoffman.
14:50 of 2nd period - Shot Blocked by Jamie Oleksiak.
14:52 of 2nd period - Shot by Mike Hoffman.
14:52 of 2nd period - Goal by Mike Hoffman - LOS ANGELES : 3 - PITTSBURGH : 0.
14:53 of 2nd period - Mika Zibanejad wins face-off versus Robert Thomas in neutral zone.
15:00 of 2nd period - Shot by Tyler Seguin.
15:00 of 2nd period - Stopped by Philipp Grubauer with a rebound.
15:08 of 2nd period - Shot by Jordan Greenway.
15:08 of 2nd period - Shot Blocked by Ryan McDonagh.
16:03 of 2nd period - Off-side.
16:04 of 2nd period - Colton Sissons wins face-off versus Jonathan Toews in neutral zone.
17:07 of 2nd period - Shot by Artem Anisimov.
17:07 of 2nd period - Stopped by Philipp Grubauer without a rebound.
17:08 of 2nd period - Derek Ryan wins face-off versus Nick Cousins in PITTSBURGH zone.
17:08 of 2nd period - Brandon Tanev is hit by Nick Cousins and loses puck.
17:49 of 2nd period - Ryan McDonagh is hit by Sammy Blais and loses puck.
18:08 of 2nd period - Teuvo Teravainen is hit by Matthew Tkachuk and loses puck.
18:12 of 2nd period - Icing by Roman Polak.
18:13 of 2nd period - Jonathan Toews wins face-off versus Teuvo Teravainen in PITTSBURGH zone.
19:23 of 2nd period - Shot by Mika Zibanejad.
19:23 of 2nd period - Shot Misses the Net.
19:25 of 2nd period - Shot by Mika Zibanejad.
19:25 of 2nd period - Stopped by Philipp Grubauer without a rebound.
19:26 of 2nd period - Derek Ryan wins face-off versus Travis Zajac in PITTSBURGH zone.
19:43 of 2nd period - Shot by Vladislav Namestnikov.
19:43 of 2nd period - Deflect By Artem Anisimov.
19:43 of 2nd period - Stopped by Philipp Grubauer without a rebound.
19:44 of 2nd period - Robert Thomas wins face-off versus Tyler Seguin in PITTSBURGH zone.
Goals for this period are 1 for LOS ANGELES vs 0 for PITTSBURGH.
Shots for this period are 13 for LOS ANGELES vs 5 for PITTSBURGH.

3rd period


0:01 of 3rd period - Mika Zibanejad wins face-off versus Jack Eichel in neutral zone.
0:01 of 3rd period - Mika Zibanejad is hit by Vincent Hinostroza.
0:16 of 3rd period - Shot by Jack Eichel.
0:16 of 3rd period - Shot Blocked by Matthew Tkachuk.
0:30 of 3rd period - Shot by Teuvo Teravainen.
0:30 of 3rd period - Shot Blocked by Ryan McDonagh.
0:32 of 3rd period - Shot by Jack Eichel.
0:32 of 3rd period - Stopped by Antti Raanta without a rebound.
0:33 of 3rd period - Jonathan Toews wins face-off versus Robert Thomas in LOS ANGELES zone.
0:33 of 3rd period - Jonathan Toews is hit by Andrei Svechnikov.
0:51 of 3rd period - Shot by Andrei Svechnikov.
0:51 of 3rd period - Shot Misses the Net.
0:53 of 3rd period - Shot by Nick Jensen.
0:53 of 3rd period - Shot Misses the Net.
1:20 of 3rd period - Jonathan Toews is hit by Jamie Oleksiak and loses puck.
1:46 of 3rd period - Nick Bonino is hit by Jordan Oesterle and loses puck.
2:21 of 3rd period - Shot by Jack Eichel.
2:21 of 3rd period - Shot Misses the Net.
2:29 of 3rd period - Shot by Jack Eichel.
2:29 of 3rd period - Deflect By Teuvo Teravainen.
2:29 of 3rd period - Shot Blocked by Zdeno Chara.
2:37 of 3rd period - Shot by Vincent Hinostroza.
2:37 of 3rd period - Shot Blocked by Zdeno Chara.
3:09 of 3rd period - Off-side.
3:10 of 3rd period - Robert Thomas wins face-off versus Travis Zajac in neutral zone.
3:10 of 3rd period - Robert Thomas is hit by Vladislav Namestnikov.
4:10 of 3rd period - Matthew Tkachuk is hit by Roman Polak and loses puck.
4:21 of 3rd period - Shot by Tyler Seguin.
4:21 of 3rd period - Deflect By Mika Zibanejad.
4:21 of 3rd period - Stopped by Philipp Grubauer without a rebound.
4:22 of 3rd period - Derek Ryan wins face-off versus Nick Cousins in PITTSBURGH zone.
4:26 of 3rd period - Sammy Blais is hit by Ryan McDonagh.
4:41 of 3rd period - Derek Ryan is hit by Kris Letang and loses puck.
4:56 of 3rd period - Shot by Derek Ryan.
4:56 of 3rd period - Stopped by Antti Raanta without a rebound.
4:57 of 3rd period - Jack Eichel wins face-off versus Mika Zibanejad in LOS ANGELES zone.
5:34 of 3rd period - Shot by Jack Eichel.
5:34 of 3rd period - Goal by Jack Eichel - LOS ANGELES : 3 - PITTSBURGH : 1.
5:35 of 3rd period - Colton Sissons wins face-off versus Artem Anisimov in neutral zone.
6:03 of 3rd period - Icing by Jamie Oleksiak.
6:04 of 3rd period - Nick Cousins wins face-off versus Colton Sissons in PITTSBURGH zone.
6:15 of 3rd period - Shot by Nick Cousins.
6:15 of 3rd period - Shot Misses the Net.
6:17 of 3rd period - Shot by Zdeno Chara.
6:17 of 3rd period - Shot Misses the Net.
7:52 of 3rd period - Icing by Kris Letang.
7:53 of 3rd period - Jack Eichel wins face-off versus Jonathan Toews in LOS ANGELES zone.
8:43 of 3rd period - Ryan McDonagh is hit by Robert Thomas and loses puck.
9:02 of 3rd period - Shot by Jordan Greenway.
9:02 of 3rd period - Stopped by Antti Raanta with a rebound.
9:04 of 3rd period - Shot by Nick Jensen.
9:04 of 3rd period - Stopped by Antti Raanta without a rebound.
9:05 of 3rd period - Derek Ryan wins face-off versus Mika Zibanejad in LOS ANGELES zone.
9:08 of 3rd period - Shot by Brandon Tanev.
9:08 of 3rd period - Shot Misses the Net.
9:20 of 3rd period - Shot by Tyler Seguin.
9:20 of 3rd period - Stopped by Philipp Grubauer without a rebound.
9:21 of 3rd period - Travis Zajac wins face-off versus Robert Thomas in PITTSBURGH zone.
10:15 of 3rd period - Icing by Roman Polak.
10:16 of 3rd period - Mika Zibanejad wins face-off versus Jack Eichel in PITTSBURGH zone.
10:22 of 3rd period - Off-side.
10:23 of 3rd period - Sammy Blais wins face-off versus Mika Zibanejad in neutral zone.
10:39 of 3rd period - Shot by Derek Ryan.
10:39 of 3rd period - Stopped by Antti Raanta without a rebound.
10:40 of 3rd period - Jack Eichel wins face-off versus Jonathan Toews in LOS ANGELES zone.
11:35 of 3rd period - Icing by Alex Goligoski.
11:36 of 3rd period - Mika Zibanejad wins face-off versus Derek Ryan in LOS ANGELES zone.
12:01 of 3rd period - Shot by Matthew Tkachuk.
12:01 of 3rd period - Stopped by Philipp Grubauer without a rebound.
12:02 of 3rd period - Travis Zajac wins face-off versus Robert Thomas in PITTSBURGH zone.
12:20 of 3rd period - Icing by Vladislav Namestnikov.
12:21 of 3rd period - Travis Zajac wins face-off versus Colton Sissons in LOS ANGELES zone.
12:26 of 3rd period - Shot by Johnny Boychuk.
12:26 of 3rd period - Stopped by Philipp Grubauer without a rebound.
12:27 of 3rd period - Vincent Hinostroza wins face-off versus Mika Zibanejad in PITTSBURGH zone.
12:27 of 3rd period - Vincent Hinostroza is hit by Matthew Tkachuk.
12:45 of 3rd period - Shot by Teuvo Teravainen.
12:45 of 3rd period - Stopped by Antti Raanta without a rebound.
12:46 of 3rd period - Robert Thomas wins face-off versus Jonathan Toews in LOS ANGELES zone.
13:01 of 3rd period - Nick Bonino is hit by Andrei Svechnikov and loses puck.
13:20 of 3rd period - Shot by Nick Bonino.
13:20 of 3rd period - Stopped by Philipp Grubauer without a rebound.
13:21 of 3rd period - Mika Zibanejad wins face-off versus Jack Eichel in PITTSBURGH zone.
13:30 of 3rd period - Shot by Mika Zibanejad.
13:30 of 3rd period - Goal by Mika Zibanejad - LOS ANGELES : 4 - PITTSBURGH : 1.
13:31 of 3rd period - Derek Ryan wins face-off versus Mika Zibanejad in neutral zone.
13:34 of 3rd period - Tyler Seguin is hit by Brandon Tanev and loses puck.
13:43 of 3rd period - Shot by Derek Ryan.
13:43 of 3rd period - Goal by Derek Ryan - LOS ANGELES : 4 - PITTSBURGH : 2.
13:44 of 3rd period - Jack Eichel wins face-off versus Jonathan Toews in neutral zone.
15:05 of 3rd period - Shot by Sammy Blais.
15:05 of 3rd period - Shot Misses the Net.
15:26 of 3rd period - Minor Penalty to Andrei Svechnikov for Holding.
15:26 of 3rd period - Minor Penalty to Ryan McDonagh for Roughing.
15:27 of 3rd period - Mika Zibanejad wins face-off versus Jack Eichel in LOS ANGELES zone.
15:56 of 3rd period - Shot by Jonas Siegenthaler.
15:56 of 3rd period - Shot Misses the Net.
16:08 of 3rd period - Pierre Engvall is hit by Jonathan Toews and loses puck.
16:23 of 3rd period - Kris Letang is hit by Robert Thomas and loses puck.
16:45 of 3rd period - Icing by Cale Makar.
16:46 of 3rd period - Travis Zajac wins face-off versus Robert Thomas in PITTSBURGH zone.
16:57 of 3rd period - Shot by Vladislav Namestnikov.
16:57 of 3rd period - Shot Misses the Net.
17:37 of 3rd period - Shot by Derek Ryan.
17:37 of 3rd period - Shot Misses the Net.
17:39 of 3rd period - Shot by Brandon Tanev.
17:39 of 3rd period - Shot Blocked by Johnny Boychuk.
17:41 of 3rd period - Shot by Brandon Tanev.
17:41 of 3rd period - Stopped by Antti Raanta without a rebound.
17:42 of 3rd period - Jonathan Toews wins face-off versus Vincent Hinostroza in LOS ANGELES zone.
17:56 of 3rd period - Shot by Nick Bonino.
17:56 of 3rd period - Shot Misses the Net.
18:06 of 3rd period - Shot by Teuvo Teravainen.
18:06 of 3rd period - Shot Blocked by Nick Bonino.
18:08 of 3rd period - Shot by Jonas Siegenthaler.
18:08 of 3rd period - Shot Blocked by Zdeno Chara.
18:10 of 3rd period - Shot by Jonas Siegenthaler.
18:10 of 3rd period - Stopped by Antti Raanta without a rebound.
18:11 of 3rd period - Derek Ryan wins face-off versus Mika Zibanejad in LOS ANGELES zone.
18:21 of 3rd period - Shot by Sammy Blais.
18:21 of 3rd period - Stopped by Antti Raanta without a rebound.
18:22 of 3rd period - Travis Zajac wins face-off versus Derek Ryan in LOS ANGELES zone.
18:22 of 3rd period - Travis Zajac is hit by Sammy Blais.
18:32 of 3rd period - Shot by Derek Ryan.
18:32 of 3rd period - Shot Hit the Post.
18:34 of 3rd period - Shot by Jordan Oesterle.
18:34 of 3rd period - Shot Misses the Net.
18:52 of 3rd period - Brandon Tanev is hit by Travis Zajac and loses puck.
19:15 of 3rd period - Shot by Jack Eichel.
19:15 of 3rd period - Stopped by Antti Raanta without a rebound.
19:16 of 3rd period - Mika Zibanejad wins face-off versus Robert Thomas in LOS ANGELES zone.
19:43 of 3rd period - Shot by Robert Thomas.
19:43 of 3rd period - Shot Misses the Net.
19:45 of 3rd period - Shot by Jordan Greenway.
19:45 of 3rd period - Stopped by Antti Raanta without a rebound.
19:46 of 3rd period - Jack Eichel wins face-off versus Jonathan Toews in LOS ANGELES zone.
Goals for this period are 1 for LOS ANGELES vs 2 for PITTSBURGH.
Shots for this period are 6 for LOS ANGELES vs 13 for PITTSBURGH.